 Dungeon Crawl Stone Soup version 0.28.0 (webtiles) character file.

Game seed: 2527025949186744655

5 RepoMan the Poker (level 1, -2/18 HPs)
             Began as a Draconian Gladiator on Feb 6, 2022.
             Frozen to death by an endoplasm (4 damage)
             ... on level 1 of the Dungeon.
             The game lasted 00:02:39 (117 turns).

RepoMan the Poker (Draconian Gladiator)              Turns: 117, Time: 00:02:39

Health: -2/18      AC:  4    Str: 16    XL:     1   Next: 66%
Magic:  1/1        EV:  8    Int:  8    God:
Gold:   16         SH: 10    Dex: 12    Spells: 0/0 levels left

rFire   . . .      SeeInvis .   a - +0 trident
rCold   . . .      Faith    .   d - +0 tower shield
rNeg    . . .      Spirit   .   (armour unavailable)
rPois   .          Reflect  .   b - +0 hat
rElec   .          Harm     .   (no cloak)
rCorr   .          Rampage  .   (no gloves)
Will    .....                   (no boots)
Stlth   +.........              (no amulet)
HPRegen 0.06/turn               (no ring)
MPRegen 0.07/turn               (no ring)

@: slowed, very slow
A: AC +4, unfitting armour, cold-blooded
a: no special abilities


You were on level 1 of the Dungeon.
You visited 1 branch of the dungeon, and saw 1 of its levels.

You collected 16 gold pieces.

Inventory:

Hand Weapons
 a - a +0 trident (weapon)
Missiles
 c - 2 throwing nets (quivered)
Armour
 b - a +0 hat (worn)
 d - a +0 tower shield (worn)
Potions
 e - a potion of might {unknown}
 f - a potion of flight {unknown}


   Skills:
 + Level 2.3 Fighting
 * Level 3.2 Polearms
 - Level 1.7 Throwing
 - Level 2.6 Dodging
 + Level 0.4 Shields


You couldn't memorise any spells.
You didn't know any spells.
Your spell library was empty.

Dungeon Overview and Level Annotations

Branches:
Dungeon (1/15)

Altars:


Innate Abilities, Weirdness & Mutations

Your plain brown scales are hard. (AC +4)
You cannot fit into any form of body armour.
You are cold-blooded and may be slowed by cold attacks.


Message History

The kobold hits you with a +0 short sword.
* * * LOW HITPOINT WARNING * * *
Unknown command.
Unknown command.
Press: ? - help, v - describe, . - travel
Here: a kobold, wielding a +0 short sword, wearing a +0 leather armour and quivering stones The floor.
Unknown command.
Throw: 3 throwing nets
Press: ? - help, Q - select action Shift-Dir - straight line, f/p - kobold
Aim: a kobold, wielding a +0 short sword, wearing a +0 leather armour and quivering stones (50% to hit)
You throw a throwing net. The throwing net hits the kobold.
The kobold is caught in the net!
The kobold struggles against the net. x2
You hit the kobold.
You kill the kobold!
The endoplasm hits you but does no damage.
Things that are here:
a bat corpse; a hobgoblin corpse The endoplasm jiggles.
You hit the endoplasm.
Your tail-slap misses the endoplasm.
The endoplasm is lightly wounded.
The endoplasm hits you but does no damage.
You hit the endoplasm.
The endoplasm is heavily wounded.
You block the endoplasm's attack. The endoplasm freezes you.
You are frozen.
* * * LOW HITPOINT WARNING * * *
You hit the endoplasm.
Your tail-slap misses the endoplasm.
The endoplasm is almost dead.
The endoplasm hits you but does no damage.
The endoplasm freezes you.
You are frozen.
* * * LOW HITPOINT WARNING * * *
You feel yourself slow down.
Unknown command.
The endoplasm freezes you.
You are frozen.
You die...

♣.♣ ####.#.....# ♣.♣
##.#.....###
♣.♣######..#.......#
♣.♣#......(#..#.....
♣.♣#.......#..#.....
♣.♣#................
♣<♣#................
♣.♣#................
♣.♣#......@.........
♣.♣#......J#.#......
♣.♣#.......#........
♣.♣########B........
♣.♣ ###r#....... ♣.♣
###.....#..... ..#
##.##†####.....
.....####.##...##......
....Br.w..#w.≈..#.#....


You could see an endoplasm, a quokka and a giant cockroach.

Vanquished Creatures
  A bat (D:1)
  A giant cockroach (D:1)
  A hobgoblin (D:1)
  A kobold (D:1)
  A rat (D:1)
5 creatures vanquished.

Notes
Turn   | Place    | Note
-------+----------+-------------------------------------------
     0 | D:1      | RepoMan the Draconian Gladiator began the quest for the
                  | Orb.
     0 | D:1      | Reached XP level 1. HP: 17/17 MP: 1/1
   117 | D:1      | Frozen to death by an endoplasm

Illustrated notes

Levels and vault maps discovered:
D:1:      eino_arrival_tree_alley, layout_rooms, amcnicky_mini_pool_small,
          lemuel_old_faithful

Action                   || total
-------------------------++-------
Melee: Trident           ||    23
       Tailslap          ||     1
Throw: Throwing net      ||     1
Armor: Skin              ||    13
Dodge: Dodged            ||    11
Block: Tower shield      ||     6
